 Dungeon Sprint DCSS version 0.31-a0-18-gea43df2a32 (webtiles) character file.

Game seed: 10154238864826574871

1359 sircluck the Grappler (level 8, -10/92 HPs)
             Began as a Troll Berserker on May 11, 2023.
             Was a High Priest of Trog.
             Killed from afar by an ice statue (16 damage)
             ... with a freezing blast
             ... in the Dungeon (Sprint II: "The Violet Keep of Menkaure").
             The game lasted 00:02:31 (298 turns).

sircluck the Grappler (Troll Berserker)              Turns: 298, Time: 00:02:33

Health: -10/92     AC:  4    Str: 34    XL:     8   Next: 37%
Magic:  7/7        EV: 12    Int:  3    God:    Trog [*****.]
Gold:   108        SH:  0    Dex:  9    Spells: 7/7 levels left

rFire   . .          .
                       - Unarmed
rCold   . . .        (no shield)
rNeg    . . .        a - +0 animal skin
rPois   .            (helmet restricted)
rElec   .            (no cloak)
rCorr   .            (gloves unavailable)
SInv    .            (boots unavailable)
Will    .....        (no amulet)
Stlth   +            h - ring of flight
HPRegen 1.15/turn    j - +6 ring of strength
MPRegen 0.10/turn

%: no teleportation
@: flying
A: large, unfitting armour, claws 3, regeneration 1, shaggy fur 1, tough skin 1
a: Renounce Religion, Berserk, Trog's Hand, Brothers in Arms


You were in the Dungeon.
You worshipped Trog.
Trog was extremely pleased with you.
You visited 1 branch You collected 972 gold pieces.
You spent 864 gold pieces at shops.

Inventory:

Armour
 a - a +0 animal skin (worn)
Jewellery
 h - a ring of flight (left claw)
 i - a +6 ring of strength
 j - a +6 ring of strength (right claw)
Scrolls
 g - a scroll of blinking
Potions
 b - a potion of curing
 c - a potion of heal wounds
 d - a potion of haste
 e - 2 potions of magic
 f - a potion of berserk rage


   Skills:
 + Level 9.1 Fighting
 + Level 9.1 Dodging
 + Level 12.1 Unarmed Combat


You had 7 spell levels left.
You didn't know any spells.
Your spell library was empty.

Dungeon Overview and Level Annotations

Branches:
Dungeon (1/1)

Altars:
Cheibriados
Dithmenos
Elyvilon
Fedhas
Gozag
Hepliaklqana
Kikubaaqudgha
Makhleb
Qazlal
Ru
Sif Muna
Trog
Wu Jian
Xom
Jiyva
Lugonu

Shops:
D [::[?*[*!!=:(=(

Annotations:
D exclusions: ice statue, oklob plant and orange crystal statue


Innate Abilities, Weirdness & Mutations

You are too large for most types of armour.
You have claws for hands.
Your natural rate of healing is unusually fast.
You are covered in fur. (AC +1)
You have tough skin. (AC +1)


Message History

Really fly into a travel-excluded area? [Y]es or [N]o only, please.
Really fly into a travel-excluded area?
Okay, then.
Found four altars.
Found three altars.
Found an opulent altar of Gozag.
Found a scroll labelled GOETIOPH BUTZ.
Really fly into a travel-excluded area? [Y]es or [N]o only, please.
Really fly into a travel-excluded area? [Y]es or [N]o only, please.
Really fly into a travel-excluded area?
A polar bear comes into view.
You are engulfed in a cloud of scalding steam.
You are engulfed in a cloud of scalding steam.
You are engulfed in a cloud of scalding steam.
As you open the door, it creaks loudly!
There is an open door here.
Really fly into a travel-excluded area?
You are engulfed in freezing vapours.
The ice statue gestures.
You are engulfed in freezing vapours.
You claw the ice statue! You claw the ice statue!!
The ice statue is heavily damaged.
You are engulfed in freezing vapours.
You claw the ice statue!
You claw the ice statue, but do no damage.
The ice statue is severely damaged.
You are engulfed in freezing vapours.
* * * LOW HITPOINT WARNING * * *
The ice beast completely misses you.
You claw the ice statue!
The ice statue is almost destroyed.
You are engulfed in freezing vapours.
* * * LOW HITPOINT WARNING * * *
The ice statue glitters chillingly in the dim dungeon light.
The ice statue gestures at you. The freezing blast engulfs you!
You die... .D#JJ

##~~~#..#).#~~~~~~~.§~#...
P)+$.#
#'#~##...##~~§~~~§~.~#...
)!#$##.
#†#~~##'##~~§§≈≈~~~~~#...
$.###..
####~~~~~~~~§§≈≈≈≈~§~#.._
#+++#+++#~≈≈≈§≈§≈~#._.
##...○°°.##≈≈≈###§≈#_._
##.°°°○°°°.##≈≈#|#≈§#._.
+..○°○8○°.°.'≈§#'#≈≈#.._
##.○☼°Y@.°°##§≈§§§§≈####
##.☼○°○○.###########~~~
####+####≈SSSSS§###~##
#≈≈§≈S≈S≈§##~#
+≈≈≈§≈§≈≈≈§§+~#
##§≈§≈≈≈§§≈####
##≈≈≈≈≈≈≈## #########


You could see an ice statue and an ice beast (summoned).

Vanquished Creatures
  A merfolk siren (D)
  4 neqoxecs (D)
  Menkaure (D)
  A water moccasin (D)
  4 necrophages (D)
  A scorpion (D)
  3 worms (D)
15 creatures vanquished.

Notes
Turn   | Place    | Note
-------+----------+-------------------------------------------
     0 | D        | sircluck the Troll Berserker began the quest for the Orb.
     0 | D        | Reached XP level 1. HP: 22/22 MP: 0/0
     1 | D        | Noticed a necrophage
     1 | D        | Noticed a necrophage
     1 | D        | Noticed a necrophage
     1 | D        | Noticed a necrophage
     5 | D        | Killed a necrophage
     6 | D        | Reached skill level 5 in Unarmed Combat
     6 | D        | Reached XP level 2. HP: 33/33 MP: 1/1
     6 | D        | Reached XP level 3. HP: 40/40 MP: 2/2
     7 | D        | Killed a necrophage
     8 | D        | Reached skill level 5 in Fighting
     8 | D        | Reached skill level 5 in Dodging
     8 | D        | Reached skill level 6 in Unarmed Combat
     8 | D        | Reached XP level 4. HP: 50/50 MP: 3/3
    12 | D        | Killed a necrophage
    12 | D        | Reached ** piety under Trog
    13 | D        | Reached skill level 7 in Unarmed Combat
    13 | D        | Reached XP level 5. HP: 59/59 MP: 4/4
    56 | D        | Noticed an orange crystal statue
    58 | D        | Noticed Menkaure
    58 | D        | Noticed a water moccasin
    60 | D        | Killed Menkaure
    61 | D        | Reached skill level 8 in Unarmed Combat
    61 | D        | Reached XP level 6. HP: 71/71 MP: 5/5
    64 | D        | Killed a water moccasin
    64 | D        | Reached *** piety under Trog
    65 | D        | Reached skill level 9 in Unarmed Combat
    75 | D        | Noticed a neqoxec
    75 | D        | Noticed a neqoxec
    75 | D        | Noticed a neqoxec
    75 | D        | Noticed a neqoxec
    78 | D        | Killed a neqoxec
    79 | D        | Reached skill level 10 in Unarmed Combat
    79 | D        | Reached XP level 7. HP: 79/79 MP: 6/6
    80 | D        | Killed a neqoxec
    86 | D        | Killed a neqoxec
    88 | D        | Killed a neqoxec
    88 | D        | Reached **** piety under Trog
    89 | D        | Reached skill level 11 in Unarmed Combat
   123 | D        | Noticed a merfolk siren
   128 | D        | Killed a merfolk siren
   129 | D        | Reached skill level 12 in Unarmed Combat
   129 | D        | Reached XP level 8. HP: 88/92 MP: 7/7
   138 | D        | Noticed an ice statue
   148 | D        | Found Dibbuf's Weapon Shop.
   150 | D        | Found Haptock's Antique Weapon Boutique.
   150 | D        | Found Mump's Jewellery Boutique.
   152 | D        | Found Ojaukuij's Jewellery Shop.
   152 | D        | Found Noum's Book Shop.
   154 | D        | Found Kainamoi's Distillery.
   154 | D        | Found Uniucha's Distillery.
   161 | D        | Reached ***** piety under Trog
   166 | D        | Found Aczanipn's Assorted Antiques.
   167 | D        | Found Vugil's Antique Armour Shop.
   167 | D        | Found Qapiss's General Store.
   172 | D        | Found Pewoskoch's Magic Scroll Shop.
   172 | D        | Found Xiexedof's Antique Armour Boutique.
   172 | D        | Noticed a fire dragon
   172 | D        | Noticed an oklob plant
   174 | D        | Found Vuhurgh's Book Shop.
   174 | D        | Found Peturig's Antique Armour Boutique.
   174 | D        | Found Uzxeezuv's Book Shoppe.
   174 | D        | Noticed an ice dragon
   187 | D        | Noticed a slime creature
   189 | D        | Noticed a slime creature
   190 | D        | Noticed a slime creature
   228 | D        | Bought a +6 ring of strength for 432 gold pieces
   228 | D        | Bought a +6 ring of strength for 432 gold pieces
   260 | D        | Found a hazy altar of Hepliaklqana.
   261 | D        | Found a stormy altar of Qazlal.
   261 | D        | Found a viscous altar of Jiyva.
   261 | D        | Found a snail-covered altar of Cheibriados.
   261 | D        | Found a shadowy altar of Dithmenos.
   262 | D        | Found a sacrificial altar of Ru.
   262 | D        | Found an ancient bone altar of Kikubaaqudgha.
   262 | D        | Found a white marble altar of Elyvilon.
   270 | D        | Found an ornate altar of the Wu Jian Council.
   270 | D        | Found a shimmering blue altar of Sif Muna.
   270 | D        | Found a corrupted altar of Lugonu.
   270 | D        | Found a blossoming altar of Fedhas.
   271 | D        | Found a shimmering altar of Xom.
   271 | D        | Found a bloodstained altar of Trog.
   271 | D        | Found a burning altar of Makhleb.
   272 | D        | Found an opulent altar of Gozag.
   278 | D        | Noticed a polar bear
   298 | D        | Killed from afar by an ice statue

Illustrated notes

Levels and vault maps discovered:
D:        the_violet_keep_of_menkaure [sprint2_stairs_cluster_1,
          sprint2_shoproom, sprint2_temple, sprint2_basic_supplies,
          sprint2_obstacle_2, sprint2_obstacle_7, sprint2_obstacle_4,
          sprint2_obstacle_1, sprint2_obstacle_5, sprint2_timed_cluster_1,
          sprint2_smallroom_cluster_1, sprint2_smallroom_final_cluster_1,
          sprint2_transparent_cluster_1, sprint2_second_timed_cluster_1,
          sprint2_sniper_area_1, sprint2_heavy_combat_area_1,
          sprint2_mutation_trap_area_1, sprint2_forest_area_1,
          sprint2_light_combat_area_1, sprint2_behind_water_1,
          sprint2_near_end_vault_1]

Skill      XL: |  1  2  3  4  5  6  7 |
---------------+----------------------+-----
Fighting       | 4 5 7 9 |  9.1
Dodging        | 4 5 6 7 9 |  9.1
Unarmed Combat | 5 6 7 8 10 12 | 12.1

Action                     |  1- 3 |  4- 6 |  7- 9 || total
---------------------------+-------+-------+-------++-------
  Melee: Unarmed           |     4 |    11 |    30 ||    45
         Punch             |       |     1 |     3 ||     4
 Invoke: Berserk           |     1 |     1 |       ||     2
 Armour: Animal skin       |       |       |     1 ||     1
  Dodge: Dodged            |     2 |     3 |    12 ||    17

Table legend: (Time is in decaauts)
 A = Elapsed time spent in this place.
 B = Non-inter-level travel time spent in this place.
 C = Inter-level travel time spent in this place.
 D = Time resting spent in this place.
 E = Time spent auto-exploring this place.
 F = Levels seen in this place.
 G = Mean time per level.
                   A        B        C        D        E       F      G
               +--------+--------+--------+--------+--------+-----+--------+
         Total |    304 |    268 |     36 |     48 |     29 |   1 |  304.0 |
       Dungeon |    304 |    268 |     36 |     48 |     29 |   1 |  304.0 |
               +--------+--------+--------+--------+--------+-----+--------+

Top non-repeatable levels by time:
       D: 304 daAuts
